 Dungeon Crawl Stone Soup version 0.27-a0-1188-g73eefd5def (webtiles) character file.

Game seed: 2361628333005952740

5420 Zonian the Cutter (level 10, 0/79 HPs)
             Began as a Yellow Draconian Conjurer on May 21, 2021.
             Was a Believer of Uskayaw.
             Killed from afar by Erica (25 damage)
             ... with a lance of force
             ... on level 9 of the Dungeon.
             The game lasted 00:26:31 (14724 turns).

Zonian the Cutter (Yellow Draconian Conjurer)      Turns: 14724, Time: 00:26:39

Health: 0/79       AC:  9    Str: 12    XL:     10   Next: 40%
Magic:  17/17      EV: 14    Int: 21    God:    Uskayaw [**....]
Gold:   231        SH:  0    Dex: 16    Spells: 10/18 levels left

rFire    + . .     SeeInvis .   g - +3 rapier "Manorhes" {freeze, rC- Str+3 Dex+5}
rCold    . . .     Faith    .   (no shield)
rNeg     . . .     Spirit   .   (armour unavailable)
rPois    .         Reflect  .   (helmet restricted)
rElec    .         Harm     .   (no cloak)
rCorr    +         Rampage  .   (no gloves)
Will     .....                  A - +1 pair of boots
Stlth    +++.......             (no amulet)
HPRegen  0.23/turn              h - ring of protection from fire
MPRegen  0.15/turn              r - ring of protection from cold

@: no status effects
A: spit acid, AC +7, unfitting armour, cold-blooded, acid resistance
a: Breathe Acid, Renounce Religion, Stomp, Line Pass


You were on level 9 of the Dungeon.
You worshipped Uskayaw.
Uskayaw was noncommittal.
You visited 2 branches of the dungeon, and saw 10 of its levels.

You collected 561 gold pieces.
You spent 330 gold pieces at shops.

Inventory:

Hand Weapons
 c - a +1 short sword
 g - the +3 rapier "Manorhes" (weapon) {freeze, rC- Str+3 Dex+5}
   (You bought it in a shop on level 3 of the Dungeon)

   It has been specially enchanted to freeze those struck by it, causing extra
   injury to most foes and up to half again as much damage against particularly
   susceptible opponents.
   It can also slow down cold-blooded creatures.
   It affects your strength (+3).
   It affects your dexterity (+5).
   It makes you vulnerable to cold.
 j - a +1 trident of freezing
 z - a +2 glaive of flaming
Missiles
 l - 10 boomerangs
 w - 4 javelins
Armour
 y - a +0 pair of boots
 A - a +1 pair of boots (worn)
Jewellery
 h - a ring of protection from fire (left hand)
 o - a ring of fire
 r - a ring of protection from cold (right hand)
Wands
 a - a wand of charming (9)
 v - a wand of digging (7)
 x - a wand of polymorph (19)
Scrolls
 d - 2 scrolls of blinking
 m - a scroll of magic mapping
 n - a scroll of torment
 s - a scroll of identify
 t - 3 scrolls of enchant weapon
Potions
 b - 4 potions of brilliance
 e - 5 potions of flight
 f - 4 potions of curing
 i - a potion of magic {unknown}
 k - a potion of attraction {unknown}
 p - 5 potions of haste {unknown}
 q - 2 potions of heal wounds
 B - 2 potions of degeneration {unknown}


   Skills:
 + Level 4.2 Fighting
 + Level 7.8 Short Blades
 + Level 5.3 Dodging
 + Level 6.6 Stealth
 + Level 0.7 Unarmed Combat
 + Level 4.6 Spellcasting
 + Level 6.5 Conjurations
 - Level 4.5 Hexes
 * Level 0.2 Translocations
 * Level 3.9 Invocations


You had 10 spell levels left.
You knew the following spells:

 Your Spells              Type           Power      Damage    Failure   Level
a - Magic Dart            Conj           100%       1d8       1%          1
b - Searing Ray           Conj           64%        3d5       1%          2
c - Dazzling Flash        Conj/Hex       56%        N/A       3%          3
d - Blink                 Tloc           N/A        N/A       16%         2

Your spell library contained the following spells:

 Spells                   Type           Power      Damage    Failure   Level
 Slow                     Hex            24%        N/A       2%          2
 Conjure Flame            Conj/Fire      18%        6-21      9%          3
 Fulminant Prism          Conj/Hex       14%        3d9       12%         4
 Mephitic Cloud           Conj/Pois/Air  14%        N/A       14%         3
 Call Imp                 Summ           4%         N/A       17%         2
 Iskenderun's Mystic Bla  Conj/Tloc      19%        2d6       28%         4


Dungeon Overview and Level Annotations

Branches:
Dungeon (9/15)             Temple (0/1) D:4            Lair (1/6) D:8
    Orc: D:9-12

Altars:
Ashenzari
Fedhas
Kikubaaqudgha
Makhleb
Qazlal
Sif Muna
Uskayaw
Vehumet
Wu Jian
Jiyva

Shops:
D:2 (   D:3 (   D:6 !(!=   D:8 [

Annotations:
D:2 Robin
D:8 3 runed translucent doors, chippings's ghost, novice GnWn
D:9 2 transporters, Erica
Lair:1 1 transporter, Urug


Innate Abilities, Weirdness & Mutations

You can spit globs of acid.
Your golden yellow scales are hard. (AC +7)
You cannot fit into any form of body armour.
You are cold-blooded and may be slowed by cold attacks.
You are resistant to acid. (rCorr)


Message History

You hit the wyvern. You freeze the wyvern.
The wyvern is lightly wounded.
A wight comes into view. It is wielding a +0 halberd.
The wyvern barely misses you.
You hit the wyvern. You freeze the wyvern.
You tail-slap the wyvern, but do no damage.
The wyvern is moderately wounded.
The red ugly thing stings you.
You are engulfed in flames.
You resist. The wyvern closely misses you.
Unknown command.
You barely miss the wyvern. Your punch misses the wyvern.
The wyvern is moderately wounded.
The wyvern barely misses you. The red ugly thing stings you!
You are engulfed in flames!
You resist.
You closely miss the wyvern. You tail-slap the wyvern.
The wyvern is heavily wounded.
The wyvern bites you. The red ugly thing closely misses you.
You can now pass through a line of other dancers.
Unknown command.
You hit the wyvern. You freeze the wyvern.
You tail-slap the wyvern, but do no damage.
The wyvern is severely wounded.
The wyvern completely misses you. Something hits you.
The wyvern bites you but does no damage.
The red ugly thing stings you but does no damage.
Unknown command.
You puncture the wyvern! You freeze the wyvern.
You kill the wyvern!
Something hits you! Something burns you.
Unknown command.
You closely miss the red ugly thing.
The red ugly thing is lightly wounded.
The red ugly thing stings you.
You are engulfed in flames.
You resist.
You hit the red ugly thing. You freeze the red ugly thing.
Your tail-slap misses the red ugly thing.
The red ugly thing is lightly wounded.
You hear some strange, mumbled words.
A lance of force appears from out of thin air!
The lance of force hits you!!
You die...

.......©#.##
##...##.#..#
.©.##C#..# ....yl#..#
...H8##..####
######......##
.©.......#...##
.......)##....#######
.............@†......
#...##.......u{..##..
#... #.......z.......
..# #.........#.....
l. #..#####..##.....
$... #...# .... #....
.?.## ... ##(.. .###
... ##.#


You could see a red ugly thing and a wight.

Vanquished Creatures
  A two-headed ogre (D:7)
  Pikel (D:4)
  A cyclops (D:8)
  Maggie (D:8)
  A cane toad (Lair:1)
  A wyvern (D:9)
  2 steam dragons
  An acid dragon (D:7)
  3 water moccasins
  A hornet zombie (D:5)
  A sky beast (D:7)
  A black bear (D:4)
  An ogre (D:4)
  5 wolves (Lair:1)
  4 centaurs
  2 lemures (D:3)
  A kobold brigand (D:6)
  4 bullfrogs
  2 scorpions
  8 wights
  2 howler monkeys
  A bullfrog zombie (D:6)
  A jelly (D:7)
  3 hounds
  An orc priest (D:8)
  A centaur skeleton (D:5)
  An orc wizard (D:6)
  5 iguanas
  A killer bee zombie (D:8)
  A howler monkey skeleton (D:7)
  12 adders
  A white imp (D:7)
  An ufetubus (D:6)
  5 dart slugs
  22 orcs
  9 endoplasms
  7 giant cockroaches
  8 goblins
  10 hobgoblins
  5 jackals (D:2)
  2 quokkas (D:3)
  6 ball pythons
  6 bats
  5 frilled lizards (D:1)
  10 kobolds
  2 rats (D:1)
170 creatures vanquished.

Vanquished Creatures (others)
  A polar bear (Lair:1)
  2 yaks (D:9)
  A wight (D:9)
  A plant (Lair:1)
5 creatures vanquished.

Grand Total: 175 creatures vanquished

Notes
Turn   | Place    | Note
-------+----------+-------------------------------------------
     0 | D:1      | Zonian the Draconian Conjurer began the quest for the Orb.
     0 | D:1      | Reached XP level 1. HP: 14/14 MP: 3/3
   510 | D:1      | Reached XP level 2. HP: 20/20 MP: 0/5
  1284 | D:1      | Reached XP level 3. HP: 26/26 MP: 1/6
  1287 | D:1      | Learned a level 2 spell: Searing Ray
  1814 | D:2      | Reached skill level 5 in Conjurations
  2114 | D:2      | Found Afeuha's Weapon Shop.
  2137 | D:2      | Found a faded altar of an unknown god.
  2145 | D:2      | Became a worshipper of Uskayaw the Reveller
  2145 | D:2      | Reached * piety under Uskayaw
  2193 | D:2      | Reached ** piety under Uskayaw
  2247 | D:2      | Reached XP level 4. HP: 33/33 MP: 3/7
  2446 | D:2      | Noticed Robin
  3671 | D:3      | Found Derphiuf's Antique Weapon Emporium.
  3816 | D:3      | Reached skill level 1 in Short Blades
  3819 | D:3      | Reached *** piety under Uskayaw
  4241 | D:3      | Reached XP level 5. HP: 38/38 MP: 6/8
  4736 | D:4      | Noticed a black bear
  4758 | D:4      | Killed a black bear
  5418 | D:4      | Reached XP level 6. HP: 46/46 MP: 6/10
  5681 | D:4      | Noticed Pikel
  6335 | D:3      | Bought a transparent rapier for 189 gold pieces
  6335 | D:3      | Identified the +3 rapier "Manorhes" {freeze, rC- Str+3
                  | Dex+5} (You bought it in a shop on level 3 of the Dungeon)
  6403 | D:4      | Reached skill level 2 in Short Blades
  6561 | D:4      | Found a staircase to the Ecumenical Temple.
  7056 | D:4      | Killed Pikel
  7057 | D:4      | Reached skill level 1 in Fighting
  7057 | D:4      | Reached skill level 3 in Short Blades
  7057 | D:4      | Your scales start taking on a golden yellow colour.
  7057 | D:4      | Reached XP level 7. HP: 44/52 MP: 5/12
  7057 | D:4      | Gained mutation: You are resistant to acid. (rCorr) [Yellow
                  | Draconian growth]
  7164 | D:4      | Learned a level 3 spell: Dazzling Flash
  7291 | D:3      | Reached XP level 8. HP: 22/58 MP: 14/14
  7652 | D:4      | Reached skill level 1 in Hexes
  7998 | D:5      | Entered Level 5 of the Dungeon
  8109 | D:5      | Reached skill level 4 in Short Blades
  9465 | D:6      | Found Qus Oxzo's Distillery.
  9480 | D:6      | Found Jaotol's Jewellery Shoppe.
  9513 | D:6      | Bought a potion of curing for 33 gold pieces
  9513 | D:6      | Bought a potion of curing for 33 gold pieces
  9952 | D:6      | Found Mucijetram's Antique Weapon Emporium.
  9994 | D:6      | Found Titet's Jewellery Shoppe.
 10087 | D:6      | Found a burning altar of Makhleb.
 10135 | D:6      | Found an ancient bone altar of Kikubaaqudgha.
 10505 | D:6      | Found Esucwousa's Distillery.
 10513 | D:6      | Reached skill level 5 in Stealth
 10524 | D:6      | Bought a potion of heal wounds for 75 gold pieces
 10546 | D:6      | Reached skill level 5 in Short Blades
 10593 | D:6      | Found a shimmering blue altar of Sif Muna.
 10593 | D:6      | Found a radiant altar of Vehumet.
 11042 | D:7      | Noticed a two-headed ogre
 11044 | D:7      | Reached **** piety under Uskayaw
 11045 | D:7      | Reached XP level 9. HP: 25/69 MP: 10/15
 11492 | D:7      | Reached skill level 1 in Invocations
 11859 | D:7      | Reached skill level 6 in Short Blades
 12042 | D:7      | Killed a two-headed ogre
 12437 | D:8      | Reached skill level 7 in Short Blades
 12597 | D:8      | Found Zigalyxt's Antique Armour Shop.
 12821 | D:8      | Found a stormy altar of Qazlal.
 12826 | D:8      | Found a runed translucent gate.
 12829 | D:8      | Found a runed translucent gate.
 12829 | D:8      | Found a runed translucent gate.
 12830 | D:8      | Noticed a cyclops
 12846 | D:8      | Reached ***** piety under Uskayaw
 12850 | D:8      | Killed a cyclops
 12851 | D:8      | Reached XP level 10. HP: 33/78 MP: 11/16
 13207 | D:8      | Noticed Maggie
 13208 | D:8      | Found a staircase to the Lair.
 13224 | D:8      | Killed Maggie
 13609 | D:8      | Noticed chippings's ghost (novice GnWn)
 13611 | D:8      | Found a viscous altar of Jiyva.
 13792 | Lair:1   | Entered Level 1 of the Lair of Beasts
 13793 | Lair:1   | Noticed a cane toad
 13812 | Lair:1   | Killed a cane toad
 13813 | Lair:1   | Reached skill level 5 in Dodging
 14233 | Lair:1   | Found a transporter.
 14239 | Lair:1   | Noticed Urug
 14337 | Lair:1   | Learned a level 2 spell: Blink
 14374 | Lair:1   | Noticed a boulder beetle
 14674 | D:9      | Found a blossoming altar of Fedhas.
 14674 | D:9      | Found a broken altar of Ashenzari.
 14675 | D:9      | Found an ornate altar of the Wu Jian Council.
 14676 | D:9      | Noticed a sea snake
 14676 | D:9      | Noticed a cyclops
 14677 | D:9      | Noticed a centaur warrior
 14683 | D:9      | Found a transporter.
 14695 | D:9      | Found a transporter.
 14702 | D:9      | Noticed a red ugly thing
 14707 | D:9      | Noticed a manticore
 14707 | D:9      | a sea snake changed into a manticore
 14712 | D:9      | Noticed Erica
 14724 | D:9      | Killed from afar by Erica

Illustrated notes

Levels and vault maps discovered:
D:1:      roderic_octagonal_star, layout_basic
D:2:      layout_rooms, ebering_ecumenical_altar_hall, serial_shops, shop,
          uniq_robin
D:3:      layout_loops_corners, serial_shops, shop, gup_sewer_entry_pipe,
          small_statue_intersection
D:4:      layout_basic, temple_pool_b, mrwooster_statue_mirror, uniq_pikel
D:5:      layout_basic
D:6:      layout_gridville, lemuel_tele_altar, gammafunk_temple_overflow_statue,
          kennysheep_little_box, serial_shops, kennysheep_mini,
          nicolae_shop_window_shopping, shop_statue, shop, kennysheep_mini_moat
D:7:      layout_loops_ring, nicolae_overflow_hidden_temple,
          kennysheep_nondescript, minmay_stone_trees_small
D:8:      layout_basic, amcnicky_altar_gilded, lair_entry_dummy,
          gammafunk_ghost_ooze, serial_shops, nicolae_shop_crystal, uniq_maggie
D:9:      layout_cave_pools, gammafunk_temple_overflow_arena,
          xom_confusion_cloud, kennysheep_big_empty_room,
          kennysheep_small_circle, uniq_erica
Lair:1:   layout_gridlike, nzn_ghost_randoct, nzn_sisyphean_effort, uniq_urug

Skill      XL: |  1  2  3  4  5  6  7  8  9 10 |
---------------+-------------------------------+-----
Conjurations   | 5 6 |  6.5
Dodging        | 2 3 4 5 |  5.3
Stealth        | 2 3 4 5 6 |  6.6
Short Blades   | 1 3 5 7 |  7.8
Spellcasting   | 3 4 |  4.6
Fighting       | 1 3 4 |  4.2
Hexes          | 2 4 |  4.5
Invocations    | 3 |  3.9
Unarmed Combat | |  0.7
Translocations | |  0.2

Action                   |  1- 3 |  4- 6 |  7- 9 | 10-12 || total
-------------------------+-------+-------+-------+-------++-------
Melee: Unarmed           |    47 |       |       |       ||    47
       Tailslap          |     3 |     3 |    21 |    12 ||    39
       Short sword       |       |    75 |       |       ||    75
       Rapier            |       |     4 |   204 |    40 ||   248
Throw: Dart              |       |       |       |     1 ||     1
 Cast: Magic Dart        |    80 |    87 |    23 |       ||   190
       Searing Ray       |       |     9 |    12 |     6 ||    27
Invok: Line Pass         |       |       |       |     2 ||     2
 Abil: Breathe Acid      |       |       |     1 |     1 ||     2
Evoke: Wand              |       |       |       |     1 ||     1
  Use: Scroll            |       |    10 |     3 |     2 ||    15
       Potion            |       |       |     1 |     1 ||     2
 Stab: Sleeping          |     1 |     3 |    12 |     1 ||    17
       Paralysed         |       |     2 |     9 |     2 ||    13
Armor: Skin              |    10 |    36 |    51 |    17 ||   114
Dodge: Dodged            |    41 |    93 |   153 |    41 ||   328

Table legend: (Time is in decaauts)
 A = Elapsed time spent in this place.
 B = Non-inter-level travel time spent in this place.
 C = Inter-level travel time spent in this place.
 D = Time resting spent in this place.
 E = Time spent auto-exploring this place.
 F = Levels seen in this place.
 G = Mean time per level.
                   A        B        C        D        E       F      G
               +--------+--------+--------+--------+--------+-----+--------+
         Total |  14730 |  14221 |    509 |   6429 |   6044 |  10 | 1473.0 |
       Dungeon |  14132 |  13623 |    509 |   6003 |   6044 |   9 | 1570.2 |
          Lair |    597 |    597 |      0 |    426 |      0 |   1 |  597.0 |
               +--------+--------+--------+--------+--------+-----+--------+

Top non-repeatable levels by time:
     D:4: 2571 daAuts
     D:3: 2110 daAuts
     D:1: 1777 daAuts
     D:8: 1728 daAuts
     D:7: 1614 daAuts
     D:2: 1565 daAuts
     D:5: 1441 daAuts
     D:6: 1277 daAuts
  Lair:1: 597 daAuts
     D:9: 47 daAuts
